 Dungeon Crawl Stone Soup version 0.27.0-1-g7a089689b8 (webtiles) character file.

Game seed: 133651392893785414

71 JuniperTheExplorer the Chopper (level 4, 0/34 HPs)
             Began as a Demonspawn Gladiator on Aug 11, 2021.
             Succumbed to an adder's poison
             ... on level 2 of the Dungeon.
             The game lasted 00:14:48 (1521 turns).

JuniperTheExplorer the Chopper (DsGl)               Turns: 1521, Time: 00:14:48

Health: 0/34       AC:  6    Str: 15    XL:     4   Next: 5%
Magic:  4/4        EV: 11    Int:  9    God:
Gold:   77         SH:  0    Dex: 15    Spells: 3/3 levels left

rFire    . . .     SeeInvis .   a - +0 war axe (venom)
rCold    . . .     Faith    .   (no shield)
rNeg     . . .     Spirit   .   g - +0 ring mail
rPois    .         Reflect  .   c - +0 helmet
rElec    .         Harm     .   (no cloak)
rCorr    .         Rampage  .   (no gloves)
Will     .....                  (no boots)
Stlth    +.........             (no amulet)
HPRegen  0.11/turn              (no ring)
MPRegen  0.09/turn              (no ring)

@: brilliant, lethally poisoned (0 -> -4), very slightly contaminated, invisible
A: claws 1, foul stench 1
a: no special abilities


You were on level 2 of the Dungeon.
You visited 1 branch of the dungeon, and saw 2 of its levels.

You collected 77 gold pieces.

Inventory:

Hand Weapons
 a - a +0 war axe of venom (weapon)
Armour
 c - a +0 helmet (worn)
 g - a +0 ring mail (worn)
Scrolls
 b - a scroll of enchant armour {unknown}


   Skills:
 + Level 2.4 Fighting
 + Level 3.6 Axes
 + Level 1.8 Throwing
 + Level 1.2 Armour
 + Level 3.0 Dodging
 + Level 0.1 Stealth


You had 3 spell levels left.
You didn't know any spells.
Your spell library was empty.

Dungeon Overview and Level Annotations

Branches:
Dungeon (2/15)

Altars:
Xom


Innate Abilities, Weirdness & Mutations

You have sharp fingernails.
You may rarely emit foul miasma when damaged in melee.


Message History

You miss the adder. The adder barely misses you. The adder bites you.
You are poisoned.
The adder poisons you!
You barely miss the adder.
You feel sick. The adder bites you but does no damage.
The adder closely misses you.
You barely miss the adder.
You feel sick. The adder bites you. The adder barely misses you.
You barely miss the adder.
You feel sick. The adder bites you but does no damage.
You barely miss the adder.
You feel sick. The adder completely misses you. The adder barely misses you.
You barely miss the adder.
You feel sick.
You are no longer poisoned.
The adder bites you but does no damage. The adder bites you.
* * * LOW HITPOINT WARNING * * *
You are lethally poisoned!
The adder poisons you!
You emit a cloud of foul miasma!
It was a potion of invisibility.
You fade into invisibility!
* * * LOW HITPOINT WARNING * * *
You feel sick.
The adder is engulfed in dark miasma.
The adder is poisoned.
The adder closely misses you.
You are very lightly contaminated with residual magic.
It was a potion of brilliance.
You feel clever all of a sudden.
* * * LOW HITPOINT WARNING * * *
You feel sick.
The adder is engulfed in dark miasma.
The adder looks even sicker.
You kill the adder!
Your Armour skill increases to level 1!
You have reached level 4!
You feel agile.
There is a lethal amount of poison in your body!
* * * LOW HITPOINT WARNING * * *
You feel sick.
As you read the scroll labelled PIPPY QIXUKIJ, it crumbles to dust.
It is a scroll of brand weapon.
Your +0 war axe drips with poison.
a - a +0 war axe of venom (weapon)
You die...

#...[..>#.##.####.#
#(.....##.........#
#......##########.#
#......# #.#
#†.....# #..
#..)...# ###
#......# #°.....#
#.@)...# #......#
#......# #......#
########


There were no monsters in sight!

Vanquished Creatures
  Jessica (D:2)
  2 adders (D:2)
  3 endoplasms
  A giant cockroach (D:1)
  2 goblins (D:2)
  2 hobgoblins
  4 jackals (D:2)
  2 quokkas (D:2)
  3 ball pythons
  A frilled lizard (D:1)
  6 rats
27 creatures vanquished.

Notes
Turn   | Place    | Note
-------+----------+-------------------------------------------
     0 | D:1      | JuniperTheExplorer the Demonspawn Gladiator began the quest
                  | for the Orb.
     0 | D:1      | Reached XP level 1. HP: 16/16 MP: 1/1
   361 | D:1      | Found a faded altar of an unknown god.
   522 | D:1      | Gained mutation: You may rarely emit foul miasma when
                  | damaged in melee. [demonic ancestry]
   522 | D:1      | Reached XP level 2. HP: 22/22 MP: 2/2
  1123 | D:2      | Found a shimmering altar of Xom.
  1358 | D:2      | Noticed Jessica
  1377 | D:2      | Killed Jessica
  1378 | D:2      | Gained mutation: You have sharp fingernails. [demonic
                  | ancestry]
  1378 | D:2      | Reached XP level 3. HP: 10/28 MP: 3/3
  1519 | D:2      | HP: 1/28 [poisoned by an adder]
  1520 | D:2      | Reached skill level 1 in Armour
  1520 | D:2      | Reached XP level 4. HP: 2/34 MP: 4/4
  1521 | D:2      | Succumbed to an adder's poison

Illustrated notes

Levels and vault maps discovered:
D:1:      minmay_arrival_diagonal_passages, layout_loops_ring,
          hellmonk_ecumenical_altar_pennies_from_heaven,
          amcnicky_mini_rare_corridor_liquid
D:2:      layout_basic, basic_altar, minmay_snake_closets, uniq_jessica,
          uniq_crazy_yiuf_cottage

Skill      XL: |  1  2  3 |
---------------+----------+-----
Axes           | 3 |  3.6
Dodging        | 3 |  3.0
Armour         | 1 |  1.2
Fighting       | |  2.4
Throwing       | |  1.8
Stealth        | |  0.1

Action                   |  1- 3 |  4- 6 || total
-------------------------+-------+-------++-------
Melee: War axe           |    80 |       ||    80
Throw: Throwing net      |     4 |       ||     4
  Use: Potion            |     2 |       ||     2
       Scroll            |       |     1 ||     1
Armor: Leather armour    |     6 |       ||     6
       Ring mail         |    34 |       ||    34
Dodge: Dodged            |    53 |       ||    53
